 Dungeon Crawl Stone Soup version 0.30.1 (webtiles) character file.

Game seed: 15468187800634779178

25 GeoRichter the Conjurer (level 2, -1/20 (22) HPs)
             Began as a Demonspawn Reaver on July 5, 2023.
             Frozen to death by an endoplasm (5 damage)
             ... on level 1 of the Dungeon.
             The game lasted 00:01:12 (554 turns).

GeoRichter the Conjurer (Demonspawn Reaver)          Turns: 554, Time: 00:01:13

HP:   -1/20 (22)    AC:  3    Str: 12    XL:     2   Next: 82%
MP:   4/5           EV: 11    Int: 14    God:
Gold: 40            SH:  0    Dex: 11    Spells: 4/5 levels left

rFire   . . .        a - +0 falchion
rCold   . . .        (no shield)
rNeg    . . .        b - +0 leather armour
rPois   .            (no helmet)
rElec   .            (no cloak)
rCorr   .            (no gloves)
SInv    .            (no boots)
Will    .....        (no amulet)
Stlth   +            (no ring)
HPRegen 0.23/turn    (no ring)
MPRegen 0.09/turn

%: no passive effects
@: drained
A: demonic magic 1
a: no special abilities


You were on level 1 of the Dungeon.
You visited 1 branch of the dungeon, and saw 1 of its levels.

You collected 40 gold pieces.

Inventory:

Hand Weapons
 a - a +0 falchion (weapon)
Missiles
 e - 2 throwing nets {!f}
Armour
 b - a +0 leather armour (worn)
Potions
 c - 2 potions of curing {unknown}
 d - a potion of ambrosia {unknown}


   Skills:
 - Level 2.3 Fighting
 - Level 3.1 Long Blades
 - Level 1.7 Dodging
 + Level 2.1 Spellcasting
 * Level 3.3 Conjurations


You had 4 spell levels left.
You knew the following spells:

 Your Spells              Type           Power      Damage    Failure   Level
a - Kiss of Death         Conj/Necr      24%        2d7       16%         1

Your spell library contained the following spells:

 Spells                   Type           Power      Damage    Failure   Level
 Momentum Strike          Conj/Tloc      12%        3d8       22%         2
 Hailstorm                Conj/Ice       6%         3d4       41%         3


Dungeon Overview and Level Annotations

Branches:
Dungeon (1/15) Zot: 5436

Altars:


Innate Abilities, Weirdness & Mutations

Spells you cast may paralyse adjacent enemies.


Message History

The ball python attacks as you move away!
The ball python bites you but does no damage.
The bat barely misses you.
The ball python attacks as you move away!
The ball python bites you.
* * * LOW HITPOINT WARNING * * *
The bat barely misses you.
The ball python attacks as you move away!
The ball python barely misses you. The bat hits you but does no damage.
The bat attacks as you move away! The bat misses you.
The bat hits you but does no damage. x2
You are too injured to fight recklessly!
You are too injured to fight recklessly!
You slash the bat!
You kill the bat!
The ball python closely misses you. The ball python grabs you.
The ball python constricts you.
You barely miss the ball python.
The ball python bites you but does no damage.
The ball python constricts you.
You closely miss the ball python. The ball python closely misses you.
The ball python constricts you.
* * * LOW HITPOINT WARNING * * *
You hit the ball python.
You kill the ball python!
The quokka bites you.
* * * LOW HITPOINT WARNING * * *
Casting: Kiss of Death (safe; 16% risk of failure)
Confirm with . or Enter, or press ? or * to list all spells.
Aiming: Kiss of Death (safe; 16% risk of failure)
Press: ? - help, Shift-Dir - straight line, f - quokka
Aim: a quokka (100% to hit)
The negative energy hits the quokka.
The quokka is drained!
You kill the quokka!
You feel drained. Malevolent energies surge around you.
You hit the hobgoblin.
The hobgoblin is almost dead.
The hobgoblin hits you but does no damage.
You barely miss the hobgoblin.
The hobgoblin is almost dead.
The hobgoblin barely misses you.
You closely miss the hobgoblin.
The hobgoblin is almost dead.
The hobgoblin hits you.
* * * LOW HITPOINT WARNING * * *
You hit the hobgoblin.
You kill the hobgoblin!
The endoplasm freezes you.
You are frozen.
You die...

##### #####.###[)#..#.###.# ....#
....#####.#....##.#.# #.# ....#
.......###..........###.# .$..#
#.....##.##.[..#.#.....# ....#
#.....##..#..###.#...... !...#
#.....###.##.#...#######
...†######.....# #...............
...##...##.....####.......#######
............†.lJ@.#.......####...
....##.....######..............##
.#.###.....# ###.......#######
...# #.....# #.......# ##..
####### ######### ## ###. #. ##
###' #..# ###'#+


You could see an endoplasm and a frilled lizard.

Vanquished Creatures
  3 endoplasms (D:1)
  3 giant cockroaches (D:1)
  5 hobgoblins (D:1)
  A kobold (D:1)
  3 quokkas (D:1)
  3 ball pythons (D:1)
  3 bats (D:1)
  A rat (D:1)
22 creatures vanquished.

Notes
Turn   | Place    | Note
-------+----------+-------------------------------------------
     0 | D:1      | GeoRichter the Demonspawn Reaver began the quest for the
                  | Orb.
     0 | D:1      | Reached XP level 1. HP: 16/16 MP: 3/3
   101 | D:1      | Gained mutation: Spells you cast may paralyse adjacent
                  | enemies. [demonic ancestry]
   101 | D:1      | Reached XP level 2. HP: 19/22 MP: 5/5
   554 | D:1      | Frozen to death by an endoplasm

Illustrated notes

Levels and vault maps discovered:
D:1:      erik_arrival_triangle_huge, layout_basic, serial_bayou_pond_b,
          minmay_pentomino_z4

Skill      XL: |  1 |
---------------+----+-----
Long Blades    | 3 |  3.1
Fighting       | |  2.3
Dodging        | |  1.7
Spellcasting   | |  2.1
Conjurations   | |  3.3

Action                     || total
---------------------------++-------
  Melee: Falchion          ||    60
         Punch             ||     1
   Cast: Kiss of Death     ||     1
 Armour: Leather armour    ||    27
  Dodge: Dodged            ||    45
